 Dungeon Crawl Stone Soup version 0.31-a0-845-g9abc20d24f (webtiles) character file.

Game seed: 3739865283863662249

72 Dirtsage the Chopper (level 4, 20/35 HPs)
             Began as a Demonspawn Berserker on Oct 1, 2023.
             Was a Believer of Trog.
             Quit the game on level 3 of the Dungeon.
             The game lasted 00:02:40 (1270 turns).

Dirtsage the Chopper (Demonspawn Berserker)         Turns: 1270, Time: 00:02:41

Health: 20/35      AC:  4    Str: 19    XL:     4   Next: 7%
Magic:  4/4        EV: 11    Int:  8    God:    Trog [**....]
Gold:   70         SH:  4    Dex: 13    Spells: 3/3 levels left

rFire   . . .        a - +0 hand axe
rCold   . . .        d - +0 buckler
rNeg    . . .        i - +1 animal skin
rPois   .            g - +0 helmet
rElec   .            h - scarf {repulsion}
rCorr   .            (no gloves)
SInv    .            (no boots)
Will    .....        (no amulet)
Stlth   +            (no ring)
HPRegen 0.25/turn    (no ring)
MPRegen 0.09/turn

%: repel missiles
@: mildly poisoned (20 -> 18)
A: demonic magic 1, weakness stinger 2
a: Renounce Religion, Berserk, Trog's Hand


You were on level 3 of the Dungeon.
You worshipped Trog.
Trog was pleased with you.
You visited 1 branch of the dungeon, and saw 3 of its levels.

You collected 70 gold pieces.

Inventory:

Hand Weapons
 a - a +0 hand axe (weapon)
Armour
 b - a +0 animal skin
 d - a +0 buckler (worn)
 g - a +0 helmet (worn)
 h - a scarf of repulsion (worn)
 i - a +1 animal skin (worn)
Scrolls
 f - 2 scrolls of identify {unknown}
 j - a scroll of revelation {unknown}
Potions
 c - 2 potions of might {unknown}
 e - a potion of lignification {unknown}
 k - a potion of haste {unknown}


   Skills:
 - Level 3.0 Fighting
 + Level 4.5 Axes
 - Level 1.7 Armour
 - Level 1.7 Dodging


You had 3 spell levels left.
You didn't know any spells.
Your spell library contained the following spells:

 Spells                   Type           Power      Damage    Failure   Level
 Tukima's Dance           Hex            0%         N/A       86%         3
 Dimensional Bullseye     Hex/Tloc       0%         N/A       99%         4
 Iskenderun's Mystic Bla  Conj/Tloc      0%         2d3       99%         4


Dungeon Overview and Level Annotations

Branches:
Dungeon (3/15)

Altars:

Annotations:
D:2 Sigmund


Innate Abilities, Weirdness & Mutations

Spells you cast may paralyse adjacent enemies.
You have a tail ending in a sharp stinger.


Message History

The adder bites you. x2
You take 5 damage, and have 24/29 hp.
You hit the adder.
The adder is heavily wounded.
The adder completely misses you.
You barely miss the adder.
The adder is heavily wounded.
The adder bites you but does no damage. The adder misses you.
You barely miss the adder.
The adder is heavily wounded.
The adder bites you.
You take 2 damage, and have 23/29 hp.
You hit the adder but do no damage.
The adder is heavily wounded.
The adder bites you but does no damage. The adder bites you.
You take 4 damage, and have 19/29 hp.
You are too injured to fight recklessly!
An adder is nearby!
You hit the adder.
The adder is severely wounded.
You block the adder's attack.
You closely miss the adder.
The adder is severely wounded.
The adder misses you. The adder closely misses you.
You miss the adder.
The adder is severely wounded.
The adder bites you.
You are poisoned.
The adder poisons you!
You take 2 damage, and have 18/29 hp.
You hit the adder.
You kill the adder!
Trog accepts your kill.
You feel sick.
You have reached level 4!
You feel agile.
Your demonic ancestry asserts itself...
A menacing aura infuses your magic.
You regained 2 hp, and now have 20/35 hp.
MP restored: 4 Are you sure you want to abandon this character and quit the game? (Confirm with "yes".)

#. #.#.......# ####
#.####.#)###.### #.#.
####....#.#.###.#########.#.
.............(..............
.#....#.#.#.###.#..######.#.
...## #<#.#...#...#######.#.
# #.###.#...#...........#.
#.......####.##########.
##.#@...รท.# ###. #.#.#....#
#... #.#.#.#.## #.##
#.#...#.####### #.#
#...###.......###.# #...#
#.......'...# ...###
#.......##### #....
#.......#
...>.######.#####.#


There were no monsters in sight!

Vanquished Creatures
  Robin (D:3)
  An adder (D:3)
  A worm (D:3)
  2 dart slugs (D:1)
  3 bats
  8 endoplasms
  2 giant cockroaches
  10 goblins
  4 hobgoblins (D:1)
  2 ball pythons (D:1)
  4 frilled lizards
  5 rats
43 creatures vanquished.

Notes
Turn   | Place    | Note
-------+----------+-------------------------------------------
     0 | D:1      | Dirtsage the Demonspawn Berserker began the quest for the
                  | Orb.
     0 | D:1      | Reached XP level 1. HP: 18/18 MP: 1/1
    67 | D:1      | Reached skill level 3 in Axes
   157 | D:1      | Gained mutation: You have a small tail. [demonic ancestry]
   157 | D:1      | Reached XP level 2. HP: 24/24 MP: 2/2
   163 | D:1      | Noticed an eye of devastation
   168 | D:1      | Noticed a golden eye
   170 | D:1      | Found a faded altar of an unknown god.
   172 | D:1      | Noticed a golden eye
   191 | D:1      | Noticed a floating eye
   549 | D:1      | Gained mutation: You have a tail ending in a sharp stinger.
                  | [demonic ancestry]
   549 | D:1      | Reached XP level 3. HP: 26/29 MP: 3/3
   860 | D:2      | Noticed Sigmund
   962 | D:3      | Reached ** piety under Trog
   996 | D:3      | Reached skill level 4 in Axes
   996 | D:3      | Noticed Robin
  1017 | D:3      | Killed Robin
  1270 | D:3      | Gained mutation: Spells you cast may paralyse adjacent
                  | enemies. [demonic ancestry]
  1270 | D:3      | Reached XP level 4. HP: 20/35 MP: 4/4
  1270 | D:3      | Quit the game

Illustrated notes

Levels and vault maps discovered:
D:1:      roderic_crossed_star, layout_loops_ring,
          hellmonk_ecumenical_altar_watching_god, minivault_14
D:2:      layout_basic, corexii_shack, chequers_serial_rivers_micro_e,
          uniq_sigmund
D:3:      layout_basic, pf_guarded_unrand_woodcutter, uniq_robin

Skill      XL: |  1  2  3 |
---------------+----------+-----
Axes           | 3 4 |  4.5
Fighting       | |  3.0
Armour         | |  1.7
Dodging        | |  1.7

Action                     |  1- 3 |  4- 6 || total
---------------------------+-------+-------++-------
  Melee: Hand axe          |   109 |       ||   109
         Tailslap          |    14 |       ||    14
 Invoke: Berserk           |     1 |       ||     1
   Stab: Sleeping          |     1 |       ||     1
 Armour: Animal skin       |    50 |       ||    50
  Dodge: Dodged            |    67 |       ||    67
  Block: Buckler           |    11 |       ||    11

Table legend: (Time is in decaauts)
 A = Elapsed time spent in this place.
 B = Non-inter-level travel time spent in this place.
 C = Inter-level travel time spent in this place.
 D = Time resting spent in this place.
 E = Time spent auto-exploring this place.
 F = Levels seen in this place.
 G = Mean time per level.
                   A        B        C        D        E       F      G
               +--------+--------+--------+--------+--------+-----+--------+
         Total |   1292 |   1273 |     19 |     45 |    931 |   3 |  430.7 |
       Dungeon |   1292 |   1273 |     19 |     45 |    931 |   3 |  430.7 |
               +--------+--------+--------+--------+--------+-----+--------+

Top non-repeatable levels by time:
     D:1: 762 daAuts
     D:3: 402 daAuts
     D:2: 126 daAuts
